Description

easier to follow...

Build Order

Get SALT Encoding   

  14  0:17  Supply Depot  
  14  0:27  Refinery  
  16  0:44  Barracks  
  19  1:31  Orbital Command, Reaper  
  20  1:41  Command Center  
  20  1:52  Factory  
  21  2:05  Barracks Reactor, Refinery  
  21  2:13  Supply Depot  
  24  2:37  Starport  
  29  2:53  Orbital Command  
  40  3:27  Barracks  
  40  3:30  Supply Depot  
  44  3:41  Factory Tech Lab  
  46  3:51  Barracks  
  46  3:56  Supply Depot  
  50  4:03  Starport Tech Lab  
  49  4:10  Engineering Bay  
  53  4:23  Factory Reactor  
  54  4:28  Starport Reactor  
  54  4:31  Supply Depot  
  56  4:39  Terran Infantry Weapons Level 1  
  56  4:41  Refinery  
  56  4:43  Combat Shields  
  58  4:52  Supply Depot x2  
  76  5:17  Refinery  
  78  5:22  Supply Depot x2  
  85  5:45  Missile Turret x2  
  96  5:57  Supply Depot x2  
  102  6:21  Supply Depot  
  109  6:36  Supply Depot  
  109  6:37  Terran Infantry Armor Level 1  
Spawning Tool Build Advisor. Get it on Overwolf

Analysis

more memes

Go to:

Details

  • Created by: Infsen
  • Published on: Jan 17, 2017
  • Modified on: Jan 21, 2017
  • Patch: 3.8.0
Show
View Real Time Build Order
Export as new Build Order

Comments (0)

There are no comments. Be the first!

Create an account to comment!